[Event "Titled Tuesday Blitz September 27 Early 2022"]
[White "Samaganova, Aleksandra"]
[Black "Averjanov, Alexey"]
[WhiteFideId "13800221"]
[BlackFideId "14109867"]
[WhiteElo "1864"]
[BlackElo "2645"]
[Result "0-1"]
[Round "01"]
[TimeControl "180+1"]
[Date "2022.09.27"]
[WhiteClock "0:00:07"]
[BlackClock "0:00:53"]

1. c4 c5 2. Nc3 Nc6 3. g3 g6 4. Bg2 Bg7 5. e3 e6 6. Nge2 Nge7 7. O-O O-O 8. d4 cxd4 9. exd4 d5 10. cxd5 Nxd5 11. a3 Nce7 12. Qd3 b6 13. Bg5 Bb7 14. Rac1 Qd7 15. Ne4 Rac8 16. Rxc8 Rxc8 17. Rc1 Rxc1+ 18. Nxc1 Nf5 19. Ne2 h6 20. Bd2 Kh7 21. N2c3 Nxd4 22. h3 Kh8 23. Kh2 a6 24. Be1 Nf5 25. Nxd5 Qxd5 26. Qc2 Qc6 27. Qxc6 Bxc6 28. Bc3 Bxc3 29. Nxc3 Bxg2 30. Kxg2 Kg7 31. Na4 b5 32. Nc5 a5 33. Nb7 a4 34. g4 Nd4 35. Nd6 Kf6 36. f4 Ke7 37. Ne4 Kd7 38. Kf2 Kc6 39. Ke3 Nb3 40. Kd3 Nc5+ 41. Nxc5 Kxc5 42. Kc3 f6 43. h4 e5 44. fxe5 fxe5 45. Kd3 Kd5 46. Ke3 g5 47. hxg5 hxg5 48. Kd3 e4+ 49. Ke3 Ke5 50. Kf2 Kf4 51. Ke2 Kxg4 52. Ke3 Kf5 53. Kd2 Kf4 54. Kc3 e3 55. Kb4 e2 56. Kxb5 e1=Q 0-1


[Site "https://www.chess.com"]

[Event "Titled Tuesday Blitz September 27 Early 2022"]
[White "Samunenkov, Ihor"]
[Black "Principe, Gerson"]
[WhiteFideId "14187086"]
[BlackFideId "3804550"]
[WhiteElo "2441"]
[BlackElo "2280"]
[Result "1-0"]
[Round "01"]
[TimeControl "180+1"]
[Date "2022.09.27"]
[WhiteClock "0:00:04"]
[BlackClock "0:00:04"]

1. e4 c6 2. d4 d5 3. e5 Bf5 4. Nf3 e6 5. Be2 Nd7 6. O-O Ne7 7. c3 Bg6 8. a4 Nf5 9. a5 Be7 10. a6 b6 11. Nbd2 O-O 12. Ne1 f6 13. exf6 Bxf6 14. Nd3 e5 15. dxe5 Nxe5 16. Nf4 Bf7 17. Nf3 Qc7 18. g3 Rad8 19. Qc2 Nd6 20. h4 Qd7 21. Nxe5 Bxe5 22. Bd3 g6 23. Be3 Kh8 24. Rae1 Bg7 25. Bd4 Rde8 26. Bxg7+ Kxg7 27. Qd2 Rxe1 28. Rxe1 Re8 29. Kg2 Rxe1 30. Qxe1 c5 31. Qe5+ Kg8 32. Nxd5 Bxd5+ 33. Qxd5+ Kg7 34. Be4 Qe7 35. Bf3 h5 36. b4 cxb4 37. cxb4 Qf6 38. Qc6 Qe7 39. b5 Kf6 40. Qd5 Kg7 41. Qd4+ Qf6 42. Qd3 Qe5 43. Bc6 Kf6 44. Qf3+ Kg7 45. Bd5 Nf5 46. Bc6 Nd6 47. Qe3 Qxe3 48. fxe3 Kf6 49. Kf3 Ke5 50. g4 hxg4+ 51. Kxg4 Kf6 52. Kf4 Nf7 53. e4 Ne5 54. Bd5 Nd3+ 55. Ke3 Ne5 56. Bc6 Nc4+ 57. Kd4 Ne5 58. Kd5 Nf7 59. Be8 Ne5 60. Kd6 Nc4+ 61. Kc7 g5 62. hxg5+ Kxg5 63. Kb8 Kf6 64. Kxa7 Ke7 65. Bc6 Kd8 66. Kb8 1-0


[Site "https://www.chess.com"]

[Event "Titled Tuesday Blitz September 27 Early 2022"]
[White "Sanchez, Robert"]
[Black "Sipila, Vilka"]
[WhiteFideId "2034360"]
[BlackFideId "505455"]
[WhiteElo "2388"]
[BlackElo "2329"]
[Result "0-1"]
[Round "01"]
[TimeControl "180+1"]
[Date "2022.09.27"]
[WhiteClock "0:00:09"]
[BlackClock "0:00:35"]

1. e4 e6 2. d4 d5 3. Nc3 Nf6 4. e5 Nfd7 5. f4 c5 6. Nf3 Nc6 7. Be3 Qb6 8. Qd2 Qxb2 9. Rb1 Qa3 10. Rb3 Qa5 11. Be2 c4 12. Rb1 Bb4 13. Rxb4 Qxb4 14. O-O O-O 15. Qe1 f6 16. Bd2 Qe7 17. f5 fxe5 18. fxe6 Qxe6 19. Ng5 Rxf1+ 20. Bxf1 Qd6 21. Qh4 Nf6 22. dxe5 Qxe5 23. Nxd5 Nxd5 24. Qxh7+ Kf8 25. Qg6 Qf5 26. Qd6+ Ke8 27. Bxc4 Nde7 28. Bf7+ Kf8 29. Bb3 Qe5 30. Qa3 Qd4+ 31. Kh1 Qxd2 32. Nh7+ Ke8 33. h3 Qe1+ 34. Kh2 Qe5+ 35. Kg1 Be6 0-1


[Site "https://www.chess.com"]

[Event "Titled Tuesday Blitz September 27 Early 2022"]
[White "Saydaliev, Saidakbar"]
[Black "Garagulya, Konstantin"]
[WhiteFideId "14203693"]
[BlackFideId "4128931"]
[WhiteElo "2265"]
[BlackElo "2329"]
[Result "1-0"]
[Round "01"]
[TimeControl "180+1"]
[Date "2022.09.27"]
[WhiteClock "0:00:20"]
[BlackClock "0:00:03"]

1. e4 c5 2. Nf3 a6 3. c3 d5 4. e5 d4 5. cxd4 cxd4 6. Bd3 Nc6 7. O-O e6 8. Na3 Nge7 9. Nc2 Ng6 10. Re1 Bc5 11. Bxg6 hxg6 12. d3 Qd5 13. Bf4 b5 14. a3 Bb7 15. Qd2 f6 16. Bg3 Kf7 17. Re4 Rae8 18. Rae1 Rh5 19. Qf4 Qd7 20. Na1 Ne7 21. Nb3 Bb6 22. exf6 gxf6 23. Rxe6 Rf5 24. Qd6 Qxd6 25. Rxd6 Bc7 26. Rd7 Bxg3 27. Rxb7 Bd6 28. Nbxd4 Rd5 29. Rd7 Bxh2+ 30. Kxh2 Rxd7 31. Rc1 Rc8 32. Re1 Rd6 33. g3 Rcd8 34. Nc2 Rxd3 35. Kg2 R3d6 36. Ne3 Nc6 37. Rh1 Nd4 38. Rh7+ Kg8 39. Ra7 Nxf3 40. Kxf3 R8d7 41. Ra8+ Kg7 42. g4 Kf7 43. b4 Kg7 44. Kg3 Rd3 45. Rxa6 Kh6 46. Rxf6 Rxa3 47. Rb6 Rd4 48. Rxb5 1-0


[Site "https://www.chess.com"]

[Event "Titled Tuesday Blitz September 27 Early 2022"]
[White "Schekachikhin, Maksim"]
[Black "Dilmukhametov, Artur"]
[WhiteFideId "24177830"]
[BlackFideId "24179922"]
[WhiteElo "2226"]
[BlackElo "2206"]
[Result "1-0"]
[Round "01"]
[TimeControl "180+1"]
[Date "2022.09.27"]
[WhiteClock "0:01:34"]
[BlackClock "0:01:30"]

1. b3 e5 2. Bb2 Nc6 3. c4 Nf6 4. e3 d5 5. cxd5 Nxd5 6. Nf3 Bd6 7. Bb5 Bd7 8. Bxc6 Bxc6 9. Bxe5 Bxe5 10. Nxe5 Bb5 11. Nc3 Nxc3 12. dxc3 Qe7 13. Nf3 Rd8 14. Qc1 O-O 15. c4 Bc6 16. O-O Bxf3 17. gxf3 Qg5+ 18. Kh1 Rd6 19. Rg1 Qf5 20. Rg3 Rg6 21. Kg2 Re8 22. Qc3 Ree6 23. Rd1 h6 24. Qd3 Rxg3+ 25. hxg3 Qxd3 26. Rxd3 Rd6 27. Rxd6 cxd6 28. f4 f5 29. Kf3 Kf7 30. e4 Kf6 31. Ke3 g6 32. Kd4 Ke6 33. f3 b6 34. b4 a6 35. a4 h5 36. a5 bxa5 37. bxa5 fxe4 38. fxe4 Kd7 39. Kd5 Ke7 40. c5 dxc5 41. Kxc5 Kd7 42. Kb6 Kd6 43. Kxa6 Kc6 44. e5 1-0


[Site "https://www.chess.com"]

[Event "Titled Tuesday Blitz September 27 Early 2022"]
[White "Sebenik, Matej"]
[Black "Zanette, Edgard Vinicius"]
[WhiteFideId "14602296"]
[BlackFideId "2109263"]
[WhiteElo "2461"]
[BlackElo "2182"]
[Result "1-0"]
[Round "01"]
[TimeControl "180+1"]
[Date "2022.09.27"]
[WhiteClock "0:00:06"]
[BlackClock "0:00:05"]

1. c4 Nf6 2. Nc3 e5 3. Nf3 Nc6 4. d3 Bb4 5. Bd2 O-O 6. a3 Bxc3 7. Bxc3 d6 8. b4 Bg4 9. h3 Bh5 10. Rc1 Re8 11. g4 Bg6 12. Nh4 d5 13. Nxg6 hxg6 14. Bg2 d4 15. Bb2 Qd7 16. b5 Nd8 17. O-O c5 18. bxc6 bxc6 19. f4 Rb8 20. Rc2 exf4 21. Rxf4 Ne6 22. Rf2 g5 23. Bc1 Qd6 24. c5 Qg3 25. Rf3 Qe5 26. Rf5 Qg3 27. Bd2 Nf4 28. Bxf4 gxf4 29. Qf1 Qe3+ 30. Kh1 Re5 31. Rxf4 Nh7 32. Rf3 Qh6 33. Rxf7 Ng5 34. Rf5 Rxf5 35. Qxf5 Nxh3 36. Qh5 Nf2+ 37. Kh2 Qxh5+ 38. gxh5 Ng4+ 39. Kg3 Ne3 40. Rc1 Rb2 41. Bxc6 Rxe2 42. Be4 Ra2 43. c6 Nf5+ 44. Bxf5 Rc2 45. Rxc2 Kf8 46. c7 Ke7 47. c8=Q Kf6 48. Qc5 Kg5 49. Qxd4 Kh6 50. Qf4+ g5 51. hxg6+ Kg7 52. Rc7+ 1-0


[Site "https://www.chess.com"]

[Event "Titled Tuesday Blitz September 27 Early 2022"]
[White "Seemann, Jakub"]
[Black "Aqib Javaid Butt"]
[WhiteFideId "21874697"]
[BlackFideId "7801262"]
[WhiteElo "2148"]
[BlackElo "1634"]
[Result "1-0"]
[Round "01"]
[TimeControl "180+1"]
[Date "2022.09.27"]
[WhiteClock "0:00:52"]
[BlackClock "0:00:22"]

1. Nf3 d5 2. d4 c6 3. g3 Nf6 4. Bg2 Bf5 5. O-O e6 6. b3 Be7 7. Bb2 O-O 8. Nbd2 Ne4 9. Nxe4 Bxe4 10. c4 Nd7 11. Rc1 Rc8 12. Qd2 h6 13. Rfd1 Nf6 14. Bf1 Qb6 15. Ne5 Rfd8 16. Bc3 Qc7 17. cxd5 Bxd5 18. f3 c5 19. e4 Bc6 20. Nxc6 Qxc6 21. Kh1 cxd4 22. Bxd4 Qd7 23. Rxc8 Qxc8 24. Qe1 Qc2 25. Rd2 Qc6 26. Bxa7 Rxd2 27. Qxd2 b6 28. Bb8 Nxe4 29. fxe4 Qxe4+ 30. Qg2 Qb1 31. h4 Bc5 32. Kh2 g5 33. Be5 Qg6 34. Qa8+ Bf8 35. Bd6 Qc2+ 36. Bg2 1-0


[Site "https://www.chess.com"]

[Event "Titled Tuesday Blitz September 27 Early 2022"]
[White "Seo, Jung Min"]
[Black "Pourkashiyan, Atousa"]
[WhiteFideId "1734687"]
[BlackFideId "12502014"]
[WhiteElo "2455"]
[BlackElo "2247"]
[Result "1-0"]
[Round "01"]
[TimeControl "180+1"]
[Date "2022.09.27"]
[WhiteClock "0:00:45"]
[BlackClock "0:00:03"]

1. Nf3 d5 2. g3 c6 3. Bg2 Nf6 4. O-O Bg4 5. c4 e6 6. cxd5 exd5 7. d3 Be7 8. Nc3 O-O 9. h3 Bh5 10. e4 dxe4 11. dxe4 Qxd1 12. Rxd1 Rd8 13. Rxd8+ Bxd8 14. g4 Bg6 15. Ne5 Nbd7 16. Nxg6 hxg6 17. f4 Bb6+ 18. Kf1 Nc5 19. e5 Ne8 20. Ke2 Nc7 21. b4 N5e6 22. Na4 Bd4 23. Rb1 Nb5 24. Bd2 Rd8 25. Rb3 Bg1 26. Rd3 Nbd4+ 27. Kf1 Bh2 28. f5 gxf5 29. gxf5 Nxf5 30. Rxd8+ Nxd8 31. Bc3 Ne3+ 32. Kf2 Nxg2 33. Kxg2 Bf4 34. Kf3 Bc1 35. Nc5 b6 36. Nd3 Bg5 37. Ke4 Ne6 38. a4 Be7 39. Be1 Ng5+ 40. Kf5 Nxh3 41. Bd2 g6+ 42. Kg4 Ng1 43. Nc1 c5 44. Be3 cxb4 45. Bxg1 f5+ 46. exf6 Bxf6 47. Nb3 Kf7 48. Kf4 Ke6 49. Ke4 Bc3 50. Be3 Kf6 51. Bf4 g5 52. Bb8 a6 53. Bc7 b5 54. a5 g4 55. Nc5 Ke7 56. Nxa6 b3 57. Kd3 b2 58. Kc2 Kd7 59. Bb6 g3 60. Nc5+ Kc6 61. Ne4 g2 62. Nxc3 b4 63. Nb1 Kb5 64. Kxb2 Ka6 65. Kb3 1-0


[Site "https://www.chess.com"]

[Event "Titled Tuesday Blitz September 27 Early 2022"]
[White "Sethuraman, S.P."]
[Black "Sharifov, Mekhriddin"]
[WhiteFideId "5021596"]
[BlackFideId "14701545"]
[WhiteElo "2425"]
[BlackElo "1540"]
[Result "1-0"]
[Round "01"]
[TimeControl "180+1"]
[Date "2022.09.27"]
[WhiteClock "0:01:03"]
[BlackClock "0:00:13"]

1. d4 Nf6 2. c4 e6 3. Nc3 Bb4 4. Nf3 b6 5. Bg5 Bb7 6. Nd2 Bxc3 7. bxc3 h6 8. Bh4 d6 9. f3 Nbd7 10. e4 c5 11. Be2 e5 12. Nf1 Rc8 13. Ne3 g6 14. O-O Qc7 15. Qd2 O-O 16. Rad1 cxd4 17. cxd4 Kg7 18. Kh1 Rfe8 19. Rc1 Nh5 20. Rfd1 Nf4 21. Bf1 g5 22. Bf2 exd4 23. Qxd4+ Ne5 24. Nf5+ Kh7 25. Nxd6 Red8 26. Qxe5 Ng6 27. Qf6 1-0


[Site "https://www.chess.com"]

[Event "Titled Tuesday Blitz September 27 Early 2022"]
[White "Shandrygin, Nikita"]
[Black "So, Wesley"]
[WhiteFideId "24198668"]
[BlackFideId "5202213"]
[WhiteElo "2323"]
[BlackElo "2763"]
[Result "0-1"]
[Round "01"]
[TimeControl "180+1"]
[Date "2022.09.27"]
[WhiteClock "0:00:04"]
[BlackClock "0:00:06"]

1. Nf3 c5 2. g3 Nc6 3. d4 cxd4 4. Nxd4 g6 5. Bg2 Bg7 6. Nb3 Nf6 7. Nc3 a5 8. a4 O-O 9. O-O d6 10. h3 Be6 11. e4 Rc8 12. Nd5 Bxd5 13. exd5 Nb4 14. c3 Na6 15. Re1 Re8 16. Nd4 Nc7 17. c4 Nd7 18. Be3 Nc5 19. Re2 Qd7 20. Kh2 N7a6 21. h4 Nb4 22. Bh3 f5 23. Ra3 e5 24. dxe6 Nxe6 25. Nb5 Rxc4 26. Qxd6 Rd8 27. Qb6 Nd5 28. Qxa5 Bf8 29. Rb3 Bb4 30. Rxb4 Rxb4 31. Bb6 Re8 32. Bg2 Rc4 33. Nc3 Nxc3 34. bxc3 Rcc8 35. Qd5 Qxd5 36. Bxd5 Kf7 37. c4 Kf6 38. Be3 Rc7 39. Rb2 Ree7 40. a5 Kg7 41. Rb6 Nc5 42. Bd4+ Kh6 43. h5 Kxh5 44. Rd6 Ne4 45. Rd8 Red7 46. Rh8 Ng5 47. Kg2 Rxc4 48. Bxc4 Rxd4 49. Be2+ Kh6 50. Rb8 Ra4 51. Rxb7 Rxa5 52. Rb2 Ra4 53. Bf3 f4 54. Re2 Ra3 55. Bc6 f3+ 0-1


[Site "https://www.chess.com"]

[Event "Titled Tuesday Blitz September 27 Early 2022"]
[White "Shivika, Rohilla"]
[Black "Bilan, Danila"]
[WhiteFideId "45015414"]
[BlackFideId "24161918"]
[WhiteElo "1605"]
[BlackElo "2164"]
[Result "0-1"]
[Round "01"]
[TimeControl "180+1"]
[Date "2022.09.27"]
[WhiteClock "0:00:08"]
[BlackClock "0:00:30"]

1. e4 c6 2. d4 d5 3. e5 c5 4. dxc5 Nc6 5. Nf3 Bg4 6. Be2 e6 7. Be3 Bxf3 8. Bxf3 Nxe5 9. Be2 Nc6 10. O-O d4 11. Bf4 Bxc5 12. Nd2 Nf6 13. Nb3 Bd6 14. Bg5 e5 15. Bb5 O-O 16. f4 h6 17. fxe5 Bxe5 18. Bh4 Qd6 19. h3 Nd5 20. Qf3 Ne3 21. Rfe1 Nxc2 22. Bd3 Nxa1 23. Rxa1 g6 24. Rf1 Bh2+ 25. Kh1 Ne5 26. Qe4 Nxd3 27. Qxd3 Be5 28. Be1 Rfe8 29. Bd2 Bg7 30. Qf3 Qe7 31. Nc1 Rac8 32. Nd3 Rc7 33. Bb4 Qe4 34. Qf2 Qxd3 35. Bd6 Rd7 36. Bf4 Qf5 37. g4 Qe4+ 38. Kg1 d3 39. Bd2 Bd4 0-1


[Site "https://www.chess.com"]

[Event "Titled Tuesday Blitz September 27 Early 2022"]
[White "Skliarov, Viktor"]
[Black "Valle Maytin, Luis Enrique"]
[WhiteFideId "14106736"]
[BlackFideId "3503666"]
[WhiteElo "2213"]
[BlackElo "2225"]
[Result "1-0"]
[Round "01"]
[TimeControl "180+1"]
[Date "2022.09.27"]
[WhiteClock "0:00:39"]
[BlackClock "0:00:01"]

1. e4 c6 2. d4 d5 3. e5 c5 4. dxc5 Nc6 5. f4 Nh6 6. c3 Bg4 7. Nf3 e6 8. Be3 Nf5 9. Bf2 Bxf3 10. Qxf3 g5 11. Bd3 Nh6 12. g3 Bg7 13. O-O gxf4 14. gxf4 Qe7 15. b4 Qd7 16. Na3 Ne7 17. Bb5 Nc6 18. Rad1 a6 19. Ba4 Nf5 20. c4 d4 21. Nc2 O-O 22. Kh1 1-0


[Site "https://www.chess.com"]

[Event "Titled Tuesday Blitz September 27 Early 2022"]
[White "Sovetbekova, Nurai"]
[Black "Hristodoulou, Panagiotis"]
[WhiteFideId "13801910"]
[BlackFideId "4214340"]
[WhiteElo "1646"]
[BlackElo "2172"]
[Result "0-1"]
[Round "01"]
[TimeControl "180+1"]
[Date "2022.09.27"]
[WhiteClock "0:00:01"]
[BlackClock "0:00:04"]

1. d4 Nf6 2. c4 e6 3. g3 Bb4+ 4. Nd2 O-O 5. Bg2 d6 6. Nf3 Nbd7 7. O-O e5 8. Nb3 exd4 9. a3 Bc5 10. Nbxd4 a5 11. b3 Re8 12. Bb2 Nf8 13. Qc2 Ng6 14. e3 Bg4 15. h3 Bd7 16. Rfd1 Ne4 17. Ne1 Qe7 18. Nd3 Bb6 19. b4 c6 20. Rac1 axb4 21. axb4 Ra2 22. c5 dxc5 23. bxc5 Bc7 24. Nb4 Raa8 25. Ne2 Ng5 26. Kh2 Bc8 27. Bd4 Qe6 28. Ng1 h5 29. h4 Ne4 30. Bh3 Qe7 31. Bxc8 Raxc8 32. Qb2 Ne5 33. Nd3 Nxd3 34. Rxd3 Qxh4+ 35. Kg2 Bxg3 36. Nf3 Qg4 37. fxg3 Qxg3+ 38. Kh1 Qxf3+ 39. Kh2 Qg3+ 40. Kh1 Qf3+ 41. Kh2 Nf2 42. Rf1 Qh3+ 43. Kg1 Nxd3 44. Bxg7 Nxb2 0-1


[Site "https://www.chess.com"]

[Event "Titled Tuesday Blitz September 27 Early 2022"]
[White "Srihari L R"]
[Black "Khamdamova, Afruza"]
[WhiteFideId "46617116"]
[BlackFideId "14210444"]
[WhiteElo "2208"]
[BlackElo "1668"]
[Result "1/2-1/2"]
[Round "01"]
[TimeControl "180+1"]
[Date "2022.09.27"]
[WhiteClock "0:01:13"]
[BlackClock "0:00:03"]

1. c4 e5 2. Nc3 Nf6 3. Nf3 Nc6 4. e3 d5 5. cxd5 Nxd5 6. Qc2 Be7 7. a3 O-O 8. Bb5 Bg4 9. Bxc6 Bxf3 10. gxf3 bxc6 11. b3 f5 12. Bb2 Bh4 13. Rc1 Qg5 14. Nxd5 cxd5 15. Bxe5 Qg2 16. Rf1 Qxf3 17. Qxc7 Rf7 18. Qc6 Rd8 19. d4 f4 20. exf4 Qe3+ 21. Kd1 Qd3+ 22. Ke1 Qe3+ 23. Kd1 Qd3+ 24. Ke1 Qe3+ 1/2-1/2


[Site "https://www.chess.com"]

[Event "Titled Tuesday Blitz September 27 Early 2022"]
[White "Sukandar, Irine Kharisma"]
[Black "Rustemov, Alexander"]
[WhiteFideId "7101937"]
[BlackFideId "4119002"]
[WhiteElo "2480"]
[BlackElo "2805"]
[Result "0-1"]
[Round "01"]
[TimeControl "180+1"]
[Date "2022.09.27"]
[WhiteClock "0:00:01"]
[BlackClock "0:00:13"]

1. d4 d5 2. c4 c6 3. Nc3 Nf6 4. Nf3 a6 5. e3 b5 6. cxd5 cxd5 7. Bd3 e6 8. O-O Bb7 9. Bd2 Be7 10. a4 b4 11. Na2 a5 12. Bb5+ Bc6 13. Ne5 Bxb5 14. axb5 Qb6 15. Qa4 Nfd7 16. Nxd7 Nxd7 17. Bxb4 Rb8 18. Bxe7 Kxe7 19. Qa3+ Kf6 20. Nc3 Rhc8 21. e4 Qxd4 22. exd5 Nc5 23. dxe6 Nxe6 24. Rad1 Qh4 25. Nd5+ Kg5 26. Qe3+ Kh5 27. g3 Qg5 28. f4 Qf5 29. Qe2+ Qg4 30. Qe5+ Kh6 31. Ne3 Qh5 32. Nf5+ Kg6 33. Nh4+ Kh6 34. f5 Ng5 35. Rd6+ f6 36. Rxf6+ g6 37. fxg6 Nh3+ 38. Kg2 Qxe5 39. gxh7+ Kxh7 40. Rf7+ Kg8 41. Kxh3 Qe6+ 42. R7f5 Rf8 0-1


[Site "https://www.chess.com"]

[Event "Titled Tuesday Blitz September 27 Early 2022"]
[White "Suleymanli, Suleyman"]
[Black "Johnson, Ben"]
[WhiteFideId "13416375"]
[BlackFideId "2010917"]
[WhiteElo "1652"]
[BlackElo "2202"]
[Result "1-0"]
[Round "01"]
[TimeControl "180+1"]
[Date "2022.09.27"]
[WhiteClock "0:00:51"]
[BlackClock "0:00:04"]

1. Nf3 d5 2. g3 c6 3. Bg2 Bg4 4. d4 Nd7 5. O-O Ngf6 6. b3 e6 7. Bb2 Bd6 8. c4 O-O 9. Nc3 dxc4 10. bxc4 c5 11. d5 e5 12. e4 a6 13. Qd3 Rb8 14. a4 b6 15. h3 Bh5 16. g4 Bg6 17. Nh4 Ne8 18. Nf5 Bxf5 19. exf5 e4 20. Nxe4 Be5 21. Bxe5 Nxe5 22. Qg3 Nxc4 23. Rab1 Ned6 24. Rfe1 Nxe4 25. Bxe4 b5 26. axb5 axb5 27. g5 Qd6 28. g6 Qxg3+ 29. fxg3 hxg6 30. fxg6 fxg6 31. Bxg6 b4 32. Rbc1 Nd2 33. Kg2 c4 34. d6 c3 35. d7 b3 36. Rxc3 b2 37. Rd1 b1=Q 38. Bxb1 Nxb1 39. Rc8 Nc3 40. Rxc3 Rbd8 41. Rf3 Rxf3 42. Kxf3 Kf7 43. Kg4 Kg6 44. h4 Kf6 45. Kf4 g6 46. g4 g5+ 47. hxg5+ Kg6 48. Rd6+ 1-0


[Site "https://www.chess.com"]

[Event "Titled Tuesday Blitz September 27 Early 2022"]
[White "Sychev, Klementy"]
[Black "Amgalantengis, Enkh-Amgalan"]
[WhiteFideId "4114060"]
[BlackFideId "4903536"]
[WhiteElo "2564"]
[BlackElo "1719"]
[Result "1-0"]
[Round "01"]
[TimeControl "180+1"]
[Date "2022.09.27"]
[WhiteClock "0:00:28"]
[BlackClock "0:00:03"]

1. d4 d5 2. c4 c6 3. e3 Nf6 4. Bd3 e6 5. b3 Nbd7 6. Bb2 Bd6 7. Nc3 O-O 8. Nge2 Re8 9. O-O e5 10. cxd5 cxd5 11. dxe5 Nxe5 12. Bb5 Bd7 13. Bxd7 Qxd7 14. Nf4 Rad8 15. Ncxd5 Nxd5 16. Qxd5 Ng4 17. Rad1 Qe7 18. Qh5 Nxe3 19. fxe3 Qxe3+ 20. Kh1 Bxf4 21. Rxd8 Rxd8 22. Qf5 Qf2 23. Qb1 Qh4 24. g3 Bxg3 25. Qc2 Bd6 26. Qg2 Bxh2 27. Qxg7# 1-0


[Site "https://www.chess.com"]

[Event "Titled Tuesday Blitz September 27 Early 2022"]
[White "Sztokbant, Bernardo Vainzoff"]
[Black "Volkov, Sergey"]
[WhiteFideId "2115956"]
[BlackFideId "4122763"]
[WhiteElo "2172"]
[BlackElo "2389"]
[Result "1-0"]
[Round "01"]
[TimeControl "180+1"]
[Date "2022.09.27"]
[WhiteClock "0:00:57"]
[BlackClock "0:00:56"]

1. d4 Nf6 2. c4 c6 3. Nf3 d5 4. e3 Bf5 5. Bd3 Bg6 6. O-O e6 7. b3 Nbd7 8. Bb2 Bd6 9. Nc3 Qe7 10. Re1 Ba3 11. Bxa3 Qxa3 12. e4 dxe4 13. Nxe4 O-O 14. Qe2 a5 15. Rad1 a4 16. Nxf6+ Nxf6 17. Bxg6 hxg6 18. Rd3 Rfd8 19. Ne5 Nd7 20. Nxf7 Kxf7 21. Qxe6+ Kf8 22. Rf3+ Nf6 23. Rxf6+ gxf6 24. Qxf6+ Kg8 25. Qxg6+ Kh8 26. Qh6+ Kg8 27. Re4 Rd7 28. Rg4+ Kf7 29. Rg7+ Ke8 30. Qe6+ Qe7 31. Rg8# 1-0


[Site "https://www.chess.com"]

[Event "Titled Tuesday Blitz September 27 Early 2022"]
[White "Taboas Rodriguez, Daniel"]
[Black "Samarth, J Rao"]
[WhiteFideId "2208466"]
[BlackFideId "46652370"]
[WhiteElo "2429"]
[BlackElo "1514"]
[Result "1-0"]
[Round "01"]
[TimeControl "180+1"]
[Date "2022.09.27"]
[WhiteClock "0:00:50"]
[BlackClock "0:00:05"]

1. d4 d5 2. Nf3 Nf6 3. c4 e6 4. Bg5 c6 5. e3 h6 6. Bxf6 Qxf6 7. Nc3 Nd7 8. Bd3 g6 9. O-O Bg7 10. e4 dxc4 11. Bxc4 O-O 12. e5 Qe7 13. Ne4 b5 14. Bb3 c5 15. Nxc5 Nxc5 16. dxc5 Qxc5 17. Rc1 Qb6 18. Qd6 Qxd6 19. exd6 Bxb2 20. Rc7 Rd8 21. Rd1 Bd7 22. Nd2 Be5 23. Ne4 Be8 24. g3 g5 25. f4 gxf4 26. gxf4 Bg7 27. d7 Bxd7 28. Rcxd7 1-0


[Site "https://www.chess.com"]

[Event "Titled Tuesday Blitz September 27 Early 2022"]
[White "Tang, Andrew"]
[Black "Miszler, Levente"]
[WhiteFideId "2059630"]
[BlackFideId "763276"]
[WhiteElo "2584"]
[BlackElo "1966"]
[Result "1-0"]
[Round "01"]
[TimeControl "180+1"]
[Date "2022.09.27"]
[WhiteClock "0:01:06"]
[BlackClock "0:00:29"]

1. d4 Nf6 2. c4 e6 3. Nc3 d5 4. cxd5 exd5 5. Bg5 c6 6. e3 Be7 7. Bd3 h6 8. Bh4 Be6 9. Nge2 Nbd7 10. O-O O-O 11. f3 c5 12. Rc1 Rc8 13. Bf2 Qb6 14. Qc2 cxd4 15. Nxd4 Nc5 16. Be2 Bd7 17. Qd2 Na4 18. Nxa4 Bxa4 19. Bd3 Bb4 20. Qe2 Rfe8 21. a3 Bc5 22. Nf5 d4 23. e4 Nd5 24. Qd2 Ne3 25. Rfe1 Nxf5 26. exf5 Bb3 27. f6 Rxe1+ 28. Qxe1 Qxf6 29. Rxc5 Rd8 30. Qe4 g6 31. Bh4 Qd6 32. Be7 Qb6 33. Rb5 1-0


[Site "https://www.chess.com"]

[Event "Titled Tuesday Blitz September 27 Early 2022"]
[White "Tarnowska, Aleksandra"]
[Black "Di Nicolantonio, Lucas"]
[WhiteFideId "1180967"]
[BlackFideId "680460"]
[WhiteElo "1700"]
[BlackElo "2381"]
[Result "0-1"]
[Round "01"]
[TimeControl "180+1"]
[Date "2022.09.27"]
[WhiteClock "0:01:39"]
[BlackClock "0:01:36"]

1. e4 g6 2. d4 Bg7 3. Nc3 d6 4. Be3 a6 5. Qd2 b5 6. a3 Nd7 7. f3 Bb7 8. h4 h6 9. g4 c5 10. dxc5 Nxc5 11. Nge2 Rc8 12. O-O-O Qa5 13. Nd4 b4 14. axb4 Qa1+ 15. Nb1 Bxd4 16. bxc5 Bxb2# 0-1


[Site "https://www.chess.com"]

[Event "Titled Tuesday Blitz September 27 Early 2022"]
[White "Tatarinov, Dmitry"]
[Black "Moaataz, Ayah"]
[WhiteFideId "24160067"]
[BlackFideId "10615873"]
[WhiteElo "2324"]
[BlackElo "1993"]
[Result "0-1"]
[Round "01"]
[TimeControl "180+1"]
[Date "2022.09.27"]
[WhiteClock "0:01:38"]
[BlackClock "0:01:52"]

1. d4 d5 2. Nf3 c6 3. c4 Nf6 4. Nc3 e6 5. Bg5 Be7 6. e3 Nbd7 7. Bd3 h6 8. Bh4 O-O 9. O-O Re8 10. c5 b6 11. b4 a5 12. a3 Ba6 13. Bxa6 Rxa6 14. Bg3 Qa8 15. b5 cxb5 16. Nxb5 Bd8 17. cxb6 Nxb6 18. a4 Nc4 19. Ne5 Nxe5 20. Bxe5 Rc6 21. Rc1 Nd7 22. Bg3 Nb6 23. Qb3 Nc4 24. h3 Nd2 25. Qd3 Nxf1 26. Rxf1 Rc4 27. Nd6 Qc6 28. Nxc4 dxc4 29. Qc2 Be7 30. Rc1 Rc8 31. e4 c3 32. Rd1 Bb4 33. d5 exd5 34. exd5 Qc4 35. d6 Rd8 36. d7 Qe6 37. Qd3 g6 38. Bc7 c2 39. Bxd8 cxd1=Q+ 40. Qxd1 Bd6 41. Bxa5 Qxd7 42. Bb4 Bh2+ 43. Kxh2 Qxd1 0-1


[Site "https://www.chess.com"]

[Event "Titled Tuesday Blitz September 27 Early 2022"]
[White "Thiel, Thomas"]
[Black "Reyes, Narquingden"]
[WhiteFideId "4615964"]
[BlackFideId "5217334"]
[WhiteElo "2204"]
[BlackElo "2313"]
[Result "0-1"]
[Round "01"]
[TimeControl "180+1"]
[Date "2022.09.27"]
[WhiteClock "0:01:25"]
[BlackClock "0:02:03"]

1. e4 c6 2. d4 d5 3. exd5 cxd5 4. c4 Nf6 5. Nc3 Nc6 6. Bg5 dxc4 7. Bxc4 h6 8. Bxf6 exf6 9. Nge2 Bd6 10. O-O O-O 11. Ne4 Bf5 12. Nxd6 Qxd6 13. Bd3 Bxd3 14. Qxd3 Rad8 15. Rad1 Rd7 16. Rd2 Rfd8 17. Rfd1 Nb4 18. Qb3 Nd5 19. Nc3 Qc6 20. Nxd5 Rxd5 21. g3 h5 22. h4 a5 23. a3 a4 24. Qc3 Qxc3 25. bxc3 Rc8 26. Rd3 Rb5 27. d5 Rd8 28. d6 Rd7 29. Rd5 Rb3 30. c4 Rxa3 31. Rc5 Rc3 32. Rc7 Rd8 33. d7 Kf8 34. Rc8 Ke7 35. Rc7 b6 36. Rd5 a3 37. Ra7 Rxc4 38. Rxh5 Rxd7 39. Rxa3 Rb7 40. Re3+ Kd6 41. Rb5 Kc6 42. Reb3 Rc5 43. R5b4 b5 44. Kg2 Rc4 45. Rb2 Rxb4 46. Rxb4 Kc5 47. Rb1 b4 48. Rc1+ Kd4 49. Rd1+ Kc3 50. Rc1+ Kd2 0-1


[Site "https://www.chess.com"]